AoeStats
← Kengelman

Nomad

503190956Analyzed
2v2 RM · 1mo ago on Aug 30, 2026· 70m 56s· 4 players
Game mode
Random Map
Map size
176×176
Population
200
Speed
Normal
Resources
Standard
Victory
Conquest
Starting age
Dark Age
Ending age
Imperial Age
RankedLock teamsTeams togetherTeam positionsShared explorationLock speedFull tech treeHidden civsTurbo modeCheats
Victory
Defeat
🇱🇮 Italians · Liechtenstein
1198
+16
🇭🇰 Spanish · Hong Kong SAR China
1157
+18
🇺🇸 Dravidians · United States
1315
-22
🇺🇸 Vikings · United States
1099
-12
cutiewing
4:32 Loom
14:13 Feudal Age
19:41 Castle Age
18:14 Fletching
25:19 Medium Warships
30:55 Imperial Age
29:42 Bodkin Arrow
29:39 Double-Bit Axe
32:01 Conscription
32:02 Clinker Construction
31:49 Murder Holes
32:05 Masonry
33:34 Heavy Warships
32:59 Town Watch
33:49 Wheelbarrow
34:17 Bracer
34:28 Forging
34:46 Horse Collar
36:26 Chemistry
39:24 Supremacy
40:35 Ballistics
40:56 Heavy Plow
41:16 Guilds
41:07 Caravan
43:43 Hoardings
43:39 Bow Saw
44:13 Town Patrol
44:28 Hand Cart
44:52 Padded Archer Armor
45:28 Iron Casting
44:58 Scale Barding Armor
46:36 Hand Cart
46:36 Scale Barding Armor
46:32 Scale Mail Armor
48:00 Blast Furnace
47:16 Leather Archer Armor
47:29 Gold Mining
47:31 Stone Mining
47:39 Stone Mining
48:28 Shipwright
48:34 Carvel Hull
48:25 Careening
48:40 Cavalier
49:20 Husbandry
49:30 Bloodlines
49:42 Chain Barding Armor
49:27 Elite Cannon Galleon
51:14 Two-Man Saw
51:06 Devotion
50:50 Paladin
51:42 Sappers
53:15 Stone Shaft Mining
54:55 Architecture
56:20 Coinage
56:54 Plate Barding Armor
56:50 Ring Archer Armor
56:35 Chain Mail Armor
55:43 Elite Conquistador
60:08 Dry Dock
61:28 Banking
66:02 Plate Mail Armor
owelt
5:14 Loom
16:31 Feudal Age
18:18 Fletching
22:03 Fishing Lines
26:19 Castle Age
24:58 Stone Mining
25:56 Gold Mining
27:26 Medium Warships
33:59 Imperial Age
31:56 Bodkin Arrow
32:11 Double-Bit Axe
32:24 Gillnets
34:02 Wheelbarrow
36:18 Silk Road
37:23 Masonry
37:16 Padded Archer Armor
37:53 Caravan
41:30 Chemistry
40:55 Leather Archer Armor
40:59 Bow Saw
43:36 Squires
43:12 Capped Ram
44:28 Conscription
45:11 Hand Cart
46:37 Two-Man Saw
46:05 Ballistics
46:16 Architecture
47:01 Bracer
47:37 Ring Archer Armor
47:08 Scale Mail Armor
47:47 Town Watch
50:27 Hoardings
49:57 Elite Genoese Crossbowman
51:54 Guard Tower
51:55 Arrowslits
53:57 Keep
54:54 Thumb Ring
55:15 Town Patrol
56:27 Onager
58:56 Elite Skirmisher
60:38 Guilds
61:03 Coinage
60:15 Horse Collar
61:56 Chain Mail Armor
61:52 Forging
63:23 Banking
64:09 Hoardings
64:12 Pikeman
64:37 Arson
66:43 Heavy Plow
68:07 Crop Rotation
70:21 Murder Holes
70:06 Treadmill Crane
70:46 Bombard Tower
Kengelman
4:03 Loom
15:13 Feudal Age
16:44 Town Watch
19:27 Fletching
20:48 Fishing Lines
24:40 Castle Age
23:58 Double-Bit Axe
30:08 Horse Collar
40:08 Imperial Age
39:34 Scale Mail Armor
39:45 Forging
42:03 Iron Casting
43:37 Conscription
44:53 Elite Skirmisher
48:20 Padded Archer Armor
48:16 Bodkin Arrow
49:27 Chemistry
50:52 Leather Archer Armor
50:38 Bracer
51:30 Ballistics
54:09 Bogsveigar
57:25 Ring Archer Armor
57:05 Chieftains
57:39 Masonry
57:45 Heavy Plow
60:25 Murder Holes
62:03 Blast Furnace
63:05 Hoardings
65:44 Chain Mail Armor
66:57 Onager
68:24 Architecture
Freiberg47
5:06 Loom
12:32 Feudal Age
13:25 Fishing Lines
17:05 Castle Age
17:07 Fletching
20:26 Double-Bit Axe
20:39 Gillnets
23:24 Medium Warships
24:14 Town Watch
25:41 Bodkin Arrow
28:50 Wheelbarrow
30:26 Gold Mining
33:22 Hand Cart
34:00 Horse Collar
36:53 Ballistics
36:37 Padded Archer Armor
37:42 Thumb Ring
38:29 Leather Archer Armor
44:52 Imperial Age
43:24 Town Patrol
43:39 Masonry
43:24 Murder Holes
46:54 Chemistry
46:39 Hoardings
47:27 Conscription
47:13 Medical Corps
48:08 Bracer
50:13 Sanctity
50:09 Block Printing
52:03 Elite Elephant Archer
60:18 Siege Elephant
63:24 Stone Mining
64:31 Scale Barding Armor
64:36 Forging
Connection lost

Rejoining the realm…

Still unreachable

The connection could not be restored.

Session expired

The server has moved on; the page needs a fresh start.